 Dungeon Crawl Stone Soup version 0.32-a0-808-g8da92d5 (webtiles) character file.

Game seed: 16024963261998595043

11326 hyj562 the Nimble (level 11, -2/87 HPs)
             Began as a Gnoll Gladiator on Mar 21, 2024.
             Was an Initiate of Gozag.
             Slain by a polar bear (10 damage)
             ... on level 1 of the Lair of Beasts.
             The game lasted 00:18:26 (11497 turns).

hyj562 the Nimble (Gnoll Gladiator)                Turns: 11497, Time: 00:18:27

Health: -2/87      AC: 20    Str: 11    XL:     11   Next: 76%
Magic:  21/21      EV:  2    Int: 12    God:    Gozag
Gold:   1612       SH: 11    Dex: 18    Spells: 23/23 levels left

rFire   . . .        A - +2 dagger of Qazlal, Teaching {elec, rCorr Str-3 SInv}
rCold   + + .        C - +0 kite shield
rNeg    . . .        G - +1 plate armour "Utriem" {rPois Int+5 Stlth+}
rPois   +            H - +1 hat {Will+}
rElec   .            k - +1 cloak
rCorr   +            j - +2 pair of gloves of the Shore {Rampage rC++}
SInv    +            (no boots)
Will    ++...        r - amulet of the acrobat Stlth
                     m - ring of willpower
HPRegen 0.34/turn    q - +4 ring of slaying
MPRegen 0.17/turn

%: acrobat, rampage
@: gold aura
A: fangs 1, strong nose, distributed training
a: Renounce Religion, Potion Petition, Call Merchant, Bribe Branch


You were on level 1 of the Lair of Beasts.
You worshipped Gozag.
Gozag was most pleased with you.
You visited 3 branches of the dungeon, and saw 12 of its levels.

You collected 1812 gold pieces.
You spent 105 gold pieces at shops.
You paid 95 gold pieces to Gozag.

Inventory:

Hand Weapons
 a - a +1 long sword of venom
 A - the +2 dagger of Qazlal, Teaching (weapon) {elec, rCorr Str-3 SInv}
   (You found it on level 7 of the Dungeon)

   Str-3:     It affects your strength (-3).
   SInv:      It lets you see invisible.
   rCorr:     It protects you from acid and corrosion.
Missiles
 b - a curare-tipped dart {!f}
 d - 4 throwing nets (quivered) {!f}
 e - 11 javelins
Armour
 j - the +2 pair of gloves of the Shore (worn) {Rampage rC++}
   (You acquired it on level 7 of the Dungeon)

   rC++:      It greatly protects you from cold.
   Rampage:   It bestows one free step when moving towards enemies.
 k - a +1 cloak (worn)
 o - a +1 leather armour of willpower
 C - a +0 kite shield (worn)
 G - the +1 plate armour "Utriem" (worn) {rPois Int+5 Stlth+}
   (You found it on level 1 of the Lair of Beasts)

   Int+5:     It affects your intelligence (+5).
   rPois:     It protects you from poison.
   Stlth+:    It makes you more stealthy.
 H - a +1 hat of willpower (worn)
Jewellery
 m - a ring of willpower (left hand)
 n - a ring of ice
 q - a +4 ring of slaying (right hand)
 r - an amulet of the acrobat (around neck)
 B - a ring of magical power
 E - a ring of fire
Wands
 v - a wand of mindburst (24)
 z - a wand of flame (23)
 F - a wand of digging (6)
Scrolls
 c - a scroll of identify
 h - 5 scrolls of enchant armour
 s - 6 scrolls of teleportation
 t - 5 scrolls of fear
 u - 2 scrolls of revelation {unknown}
 x - 2 scrolls of torment {unknown}
 y - a scroll of fog
 D - a scroll of butterflies
 I - a scroll of vulnerability {unknown}
Potions
 g - a potion of might
 i - 2 potions of invisibility
 l - 6 potions of curing
 p - 2 potions of attraction {unknown}
 w - a potion of cancellation {unknown}


   Skills:
 + Level 8.3 Fighting
 + Level 6.8 Short Blades
 + Level 9.5 Long Blades
 + Level 6.8 Axes
 + Level 6.8 Maces & Flails
 + Level 6.8 Polearms
 + Level 6.8 Staves
 + Level 6.8 Ranged Weapons
 + Level 8.3 Throwing
 + Level 6.8 Armour
 + Level 9.5 Dodging
 + Level 6.8 Stealth
 + Level 6.8 Shields
 + Level 6.8 Unarmed Combat
 + Level 6.8 Spellcasting
 + Level 5.6 Conjurations
 + Level 5.6 Hexes
 + Level 5.6 Summonings
 + Level 5.6 Necromancy
 + Level 5.6 Translocations
 + Level 5.6 Fire Magic
 + Level 5.6 Ice Magic
 + Level 5.6 Air Magic
 + Level 5.6 Earth Magic
 + Level 5.6 Alchemy
 + Level 7.5 Invocations
 + Level 6.8 Evocations
 + Level 6.2 Shapeshifting


You had 23 spell levels left.
You didn't know any spells.
Your spell library contained the following spells:

 Spells                   Type           Power      Damage    Failure   Level
 Foxfire                  Conj/Fire      68%        2x1d7     100%        1
 Slow                     Hex            68%        N/A       100%        1
 Blink                    Tloc           34%        N/A       100%        2
 Lesser Beckoning         Tloc           34%        N/A       100%        2
 Momentum Strike          Conj/Tloc      34%        3d8       100%        2
 Static Discharge         Conj/Air       34%        3-5/arc   100%        2
 Confusing Touch          Hex            17%        N/A       100%        3
 Dazzling Flash           Conj/Hex       34%        N/A       100%        3
 Tukima's Dance           Hex            17%        N/A       100%        3
 Vampiric Draining        Necr           17%        2d7       100%        3
 Volatile Blastmotes      Fire/Tloc      34%        2d12      100%        3
 Airstrike                Air            8%         2d(2-18)  100%        4
 Flame Wave               Conj/Fire      17%        2d7       100%        4
 Fulminant Prism          Conj/Alch      8%         3d7       100%        4
 Iskenderun's Mystic Bla  Conj/Tloc      17%        2d5       100%        4
 Passage of Golubria      Tloc           17%        N/A       100%        4
 Summon Lightning Spire   Summ/Air       17%        N/A       100%        4
 Yara's Violent Unravell  Hex/Alch       8%         3d5       100%        5
 Starburst                Conj/Fire      8%         6d4       100%        6
 Maxwell's Capacitive Co  Air            8%         ∞         100%        8


Dungeon Overview and Level Annotations

Branches:
Dungeon (10/15)            Temple (1/1) D:5            Lair (1/5) D:9
    Orc (0/2) D:9

Altars:
Ashenzari
Cheibriados
Dithmenos
Elyvilon
Fedhas
Gozag
Hepliaklqana
Kikubaaqudgha
Makhleb
Nemelex Xobeh
Okawaru
Qazlal
Ru
Sif Muna
Trog
Uskayaw
Wu Jian
Xom
Yredelemnul
Zin
The Shining One

Shops:
D:5 :?   D:6 =

Annotations:
D:5 3 runed translucent doors, jongho1212's ghost, novice MfGl


Innate Abilities, Weirdness & Mutations

You have very sharp teeth.
Your uncanny sense of smell can sniff out nearby items.
Your experience applies equally to all skills.


Message History

You hit the polar bear. You bite the polar bear.
The polar bear is almost dead.
You block the polar bear's attack. The polar bear barely misses you.
You block the polar bear's attack.
You barely miss the polar bear.
The polar bear is almost dead.
The polar bear bites you!
* * * LOW HITPOINT WARNING * * *
The polar bear claws you but does no damage. x2
The polar bear bites you.
* * * LOW HITPOINT WARNING * * *
The polar bear claws you.
* * * LOW HITPOINT WARNING * * *
You block the polar bear's attack.
You hit the polar bear but do no damage.
The polar bear is almost dead.
The polar bear bites you but does no damage.
The polar bear completely misses you. You block the polar bear's attack.
You hit the polar bear but do no damage.
Lightning courses through the polar bear!
You kill the polar bear!
You feel better.
You feel better.
The polar bear is distracted by your dazzling golden aura.
You hit the polar bear but do no damage.
The polar bear is no longer distracted by gold.
You bite the polar bear, but do no damage.
The polar bear bites you!
* * * LOW HITPOINT WARNING * * *
You block the polar bear's attack.
The polar bear claws you but does no damage.
You hit the polar bear. You bite the polar bear.
The polar bear is lightly wounded.
The polar bear bites you but does no damage.
You block the polar bear's attack. x2
You hit the polar bear.
The polar bear is moderately wounded.
The polar bear bites you!
You die...
Your body crumbles into a pile of gold.

#...........#h.#......
#...........h.........
#.......$##...........
#........#######......
#...>....# #......
#........# #......
#######h.# #####~~
##h### #~~~~~~ #@##
#~~~~≈≈~~ #.##
~~~≈~≈.~~ #.#
~≈≈≈~.... #.#
~≈####### ## #


You could see 2 polar bears.

Vanquished Creatures
  Gastronok (Lair:1)
  A black mamba (Lair:1)
  3 centaur zombies (D:7)
  2 centaur skeletons (D:7)
  A cane toad (Lair:1)
  A rime drake (D:9)
  A komodo dragon (Lair:1)
  3 ice devils (Lair:1)
  3 polar bears
  A troll (D:8)
  A hellwing (D:7)
  A vampire (D:9)
  2 wyverns
  A yak (Lair:1)
  A shadow (D:10)
  A steam dragon (D:7)
  A wraith (D:8)
  A basilisk (Lair:1)
  A harpy simulacrum (Lair:1)
  2 water moccasins (Lair:1)
  3 orc warriors
  3 ice beasts (D:9)
  2 black bears (D:5)
  A wolf (D:9)
  An ogre (D:7)
  2 phantoms (D:5)
  3 centaurs
  A weeping skull (D:3)
  A kobold brigand (D:8)
  9 bullfrogs
  2 scorpions
  10 wights
  3 killer bees (D:8)
  2 electric eels
  4 howler monkeys
  A bombardier beetle (D:6)
  3 hounds
  4 jellies
  2 gnoll boudas (D:7)
  5 orc priests
  2 sleepcaps
  4 iguanas
  12 orc wizards
  A boggart skeleton (D:7)
  A human skeleton (D:4)
  A hound skeleton (D:4)
  7 gnolls
  4 adders
  5 shadow imps (D:7)
  A white imp (D:8)
  2 ufetubi (D:6)
  2 ribbon worms
  39 orcs
  13 ball pythons
  8 bats
  8 endoplasms
  4 giant cockroaches
  5 goblins
  8 hobgoblins
  4 jackals (D:4)
  3 quokkas
  2 frilled lizards
  11 kobolds
  6 rats
  A spectral orc (D:3)
245 creatures vanquished.

Notes
Turn   | Place    | Note
-------+----------+-------------------------------------------
     0 | D:1      | hyj562 the Gnoll Gladiator began the quest for the Orb.
     0 | D:1      | Reached XP level 1. HP: 20/20 MP: 1/1
   133 | D:1      | Reached XP level 2. HP: 26/26 MP: 2/2
   143 | D:1      | Got the Guidebook on the Salvo and the Pyromaniac
   415 | D:1      | Reached XP level 3. HP: 25/31 MP: 3/3
   787 | D:2      | Reached skill level 1 in Invocations
   926 | D:2      | Reached skill level 1 in Short Blades
   926 | D:2      | Reached skill level 1 in Axes
   926 | D:2      | Reached skill level 1 in Maces & Flails
   926 | D:2      | Reached skill level 1 in Polearms
   926 | D:2      | Reached skill level 1 in Staves
   926 | D:2      | Reached skill level 1 in Ranged Weapons
   926 | D:2      | Reached skill level 1 in Armour
   926 | D:2      | Reached skill level 1 in Stealth
   926 | D:2      | Reached skill level 1 in Shields
   926 | D:2      | Reached skill level 1 in Unarmed Combat
   926 | D:2      | Reached skill level 1 in Spellcasting
   926 | D:2      | Reached skill level 1 in Evocations
  1301 | D:2      | Reached skill level 1 in Shapeshifting
  1301 | D:2      | Reached XP level 4. HP: 38/38 MP: 5/5
  1713 | D:3      | Reached skill level 1 in Conjurations
  1713 | D:3      | Reached skill level 1 in Hexes
  1713 | D:3      | Reached skill level 1 in Summonings
  1713 | D:3      | Reached skill level 1 in Necromancy
  1713 | D:3      | Reached skill level 1 in Translocations
  1713 | D:3      | Reached skill level 1 in Fire Magic
  1713 | D:3      | Reached skill level 1 in Ice Magic
  1713 | D:3      | Reached skill level 1 in Air Magic
  1713 | D:3      | Reached skill level 1 in Earth Magic
  1713 | D:3      | Reached skill level 1 in Alchemy
  1818 | D:3      | Found a faded altar of an unknown god.
  2069 | D:3      | Found a basalt altar of Yredelemnul.
  2069 | D:3      | Noticed a weeping skull
  2089 | D:3      | Killed a weeping skull
  2090 | D:3      | Reached XP level 5. HP: 32/43 MP: 5/7
  2561 | D:4      | Reached XP level 6. HP: 42/50 MP: 8/8
  2564 | D:4      | Reached skill level 5 in Fighting
  2564 | D:4      | Reached skill level 5 in Throwing
  2621 | D:4      | Found a burning altar of Makhleb.
  3334 | D:5      | Entered Level 5 of the Dungeon
  3334 | D:5      | Found a shadowy altar of Dithmenos.
  3471 | D:5      | Found a blossoming altar of Fedhas.
  3500 | D:5      | Reached XP level 7. HP: 38/56 MP: 10/10
  3606 | D:5      | Found a runed translucent gate.
  3606 | D:5      | Found a runed translucent gate.
  3606 | D:5      | Found a runed translucent gate.
  3607 | D:5      | Noticed jongho1212's ghost (novice MfGl)
  3871 | D:5      | Found a staircase to the Ecumenical Temple.
  3887 | Temple   | Entered the Ecumenical Temple
  3900 | Temple   | Became a worshipper of Gozag Ym Sagoz the Greedy
  4278 | D:5      | Found Dipu's Book Shop.
  4284 | D:5      | Found Rejuruco's Magic Scroll Emporium.
  4452 | D:5      | Bought a scroll of fear for 60 gold pieces
  4452 | D:5      | Bought a scroll of teleportation for 45 gold pieces
  4707 | D:6      | Reached XP level 8. HP: 55/63 MP: 12/12
  5071 | D:6      | Found Uleupn's Jewellery Emporium.
  6241 | D:7      | Reached XP level 9. HP: 64/69 MP: 13/15
  6788 | D:7      | Noticed a +0 short sword
  6788 | D:7      | Noticed a +0 dagger
  6789 | D:7      | Noticed a +0 spear
  6790 | D:7      | Noticed a +0 short sword
  6790 | D:7      | Noticed a +0 falchion
  6790 | D:7      | Noticed a +0 spear
  6790 | D:7      | Noticed a +0 falchion
  6791 | D:7      | Noticed a +0 dagger
  6792 | D:7      | Found a hide-covered altar of Uskayaw.
  6909 | D:7      | Reached skill level 5 in Invocations
  7142 | D:7      | Noticed a hellwing
  7288 | D:8      | Noticed a troll
  7387 | D:8      | Reached skill level 5 in Short Blades
  7387 | D:8      | Reached skill level 5 in Axes
  7387 | D:8      | Reached skill level 5 in Maces & Flails
  7387 | D:8      | Reached skill level 5 in Polearms
  7387 | D:8      | Reached skill level 5 in Staves
  7387 | D:8      | Reached skill level 5 in Ranged Weapons
  7387 | D:8      | Reached skill level 5 in Armour
  7387 | D:8      | Reached skill level 5 in Stealth
  7387 | D:8      | Reached skill level 5 in Shields
  7387 | D:8      | Reached skill level 5 in Unarmed Combat
  7387 | D:8      | Reached skill level 5 in Spellcasting
  7387 | D:8      | Reached skill level 5 in Evocations
  7387 | D:8      | Reached XP level 10. HP: 75/77 MP: 17/17
  8161 | D:7      | Identified the +2 dagger of Qazlal, Teaching {elec, rCorr
                  | Str-3 SInv}
  8291 | D:7      | Identified a scroll of acquirement
  8291 | D:7      | Acquired the +2 pair of gloves of the Shore {Rampage rC++}
  8471 | D:8      | Reached skill level 5 in Shapeshifting
  9163 | D:9      | Found a staircase to the Lair.
  9201 | D:9      | HP: 3/79 [polar bear (4)]
  9214 | D:9      | Reached skill level 5 in Conjurations
  9214 | D:9      | Reached skill level 5 in Hexes
  9214 | D:9      | Reached skill level 5 in Summonings
  9214 | D:9      | Reached skill level 5 in Necromancy
  9214 | D:9      | Reached skill level 5 in Translocations
  9214 | D:9      | Reached skill level 5 in Fire Magic
  9214 | D:9      | Reached skill level 5 in Ice Magic
  9214 | D:9      | Reached skill level 5 in Air Magic
  9214 | D:9      | Reached skill level 5 in Earth Magic
  9214 | D:9      | Reached skill level 5 in Alchemy
  9236 | D:10     | Entered Level 10 of the Dungeon
  9243 | D:10     | Reached XP level 11. HP: 24/85 MP: 20/20
 10232 | D:9      | Found a staircase to the Orcish Mines.
 10307 | Lair:1   | Entered Level 1 of the Lair of Beasts
 10682 | Lair:1   | Identified the +1 plate armour "Utriem" {rPois Int+5
                  | Stlth+}
 10722 | Lair:1   | Noticed Gastronok
 10743 | Lair:1   | Killed Gastronok
 11490 | Lair:1   | HP: 4/86 [polar bear (6)]
 11497 | Lair:1   | Slain by a polar bear

Illustrated notes

Levels and vault maps discovered:
D:1:      onia_arrival_pyramid, layout_loops_cross
D:2:      layout_loops_ring
D:3:      layout_loops_cross, yredelemnul_forgotten_temple_becter,
          chequers_ecumenical_altar_twisty, minmay_tree_intersection
D:4:      layout_cave_pods, makhleb_blood_cavern_becter
D:5:      layout_basic, lemuel_doored_altar,
          nicolae_dithmenos_through_a_glass_darkly, temple_green,
          gammafunk_ghost_split, serial_shops, nicolae_shop_getting_attention,
          nicolae_shop_tiny_waterfront
D:6:      cheibrodos_helix_gallery, layout_cave_pods, serial_shops,
          nicolae_shop_gaudy_bauble, chequers_jeans
D:7:      cheibrodos_grave_circle, layout_loops_ring, nicolae_uskayaw_en_pointe,
          kennysheep_cross_bottleneck
D:8:      layout_loops_ring
D:9:      layout_irregular_city, hellmonk_lair_entry_icy, hiddenorc1_lemuel
D:10:     minmay_blocky_corners, layout_gridville, lemuel_tele_altar, uniq_snorg
Temple:   lightli_temple_of_artemis
Lair:1:   dreamdust_isle_of_ice, layout_gridlike, portal_ice_cave_demonic_guard,
          serial_bayou_pond_d, uniq_gastronok

Skill      XL: |  1  2  3  4  5  6  7  8  9 10 11 |
---------------+----------------------------------+-----
Invocations    | 1 2 3 4 5 6 7 |  7.5
Short Blades   | 1 2 3 4 5 6 |  6.8
Axes           | 1 2 3 4 5 6 |  6.8
Maces & Flails | 1 2 3 4 5 6 |  6.8
Polearms       | 1 2 3 4 5 6 |  6.8
Staves         | 1 2 3 4 5 6 |  6.8
Ranged Weapons | 1 2 3 4 5 6 |  6.8
Armour         | 1 2 3 4 5 6 |  6.8
Stealth        | 1 2 3 4 5 6 |  6.8
Shields        | 1 2 3 4 5 6 |  6.8
Unarmed Combat | 1 2 3 4 5 6 |  6.8
Spellcasting   | 1 2 3 4 5 6 |  6.8
Evocations     | 1 2 3 4 5 6 |  6.8
Shapeshifting  | 1 2 3 4 5 6 |  6.2
Conjurations   | 1 2 3 4 5 |  5.6
Hexes          | 1 2 3 4 5 |  5.6
Summonings     | 1 2 3 4 5 |  5.6
Necromancy     | 1 2 3 4 5 |  5.6
Translocations | 1 2 3 4 5 |  5.6
Fire Magic     | 1 2 3 4 5 |  5.6
Ice Magic      | 1 2 3 4 5 |  5.6
Air Magic      | 1 2 3 4 5 |  5.6
Earth Magic    | 1 2 3 4 5 |  5.6
Alchemy        | 1 2 3 4 5 |  5.6
Fighting       | 5 6 7 8 |  8.3
Throwing       | 5 6 7 8 |  8.3
Long Blades    | 7 8 9 |  9.5
Dodging        | 7 8 9 |  9.5

Action                     |  1- 3 |  4- 6 |  7- 9 | 10-12 || total
---------------------------+-------+-------+-------+-------++-------
  Melee: Long sword        |    57 |       |       |       ||    57
         Bite              |     8 |    20 |    58 |    77 ||   163
         Dagger            |    36 |   129 |   329 |   486 ||   980
  Evoke: Wand              |       |       |       |     3 ||     3
    Use: Scroll            |       |     6 |     2 |     8 ||    16
         Potion            |       |       |       |     9 ||     9
   Stab: Sleeping          |       |     5 |     4 |     4 ||    13
         Distracted        |       |     1 |     1 |     4 ||     6
 Armour: Leather armour    |    55 |    40 |   202 |   197 ||   494
         Plate armour      |       |       |       |    96 ||    96
  Dodge: Dodged            |    86 |    88 |   287 |   289 ||   750
  Block: Kite shield       |       |       |       |   102 ||   102

Table legend: (Time is in decaauts)
 A = Elapsed time spent in this place.
 B = Non-inter-level travel time spent in this place.
 C = Inter-level travel time spent in this place.
 D = Time resting spent in this place.
 E = Time spent auto-exploring this place.
 F = Levels seen in this place.
 G = Mean time per level.
                   A        B        C        D        E       F      G
               +--------+--------+--------+--------+--------+-----+--------+
         Total |  11320 |  10749 |    571 |    946 |   7951 |  12 |  943.3 |
       Dungeon |  10126 |   9575 |    551 |    946 |   7038 |  10 | 1012.6 |
        Temple |     24 |      4 |     20 |      0 |      0 |   1 |   24.0 |
          Lair |   1169 |   1169 |      0 |      0 |    912 |   1 | 1169.0 |
               +--------+--------+--------+--------+--------+-----+--------+

Top non-repeatable levels by time:
     D:7: 1691 daAuts
     D:6: 1576 daAuts
     D:5: 1297 daAuts
  Lair:1: 1169 daAuts
     D:9: 1080 daAuts
     D:4: 1052 daAuts
     D:8: 965 daAuts
     D:3: 871 daAuts
     D:1: 718 daAuts
     D:2: 684 daAuts
    D:10: 187 daAuts
  Temple: 24 daAuts
